 Dungeon Crawl Stone Soup version 0.29.1-1-gd02db6906a (webtiles) character file.

Game seed: 810760476813643570

1882 masschaos23 the Cleaver (level 9, -11/78 HPs)
             Began as a Hill Orc Fighter on Sept 15, 2022.
             Killed by an exploding orc warrior zombie (30 damage)
             ... ignited by their inner flame
             ... in a bailey.
             The game lasted 00:14:15 (6963 turns).

masschaos23 the Cleaver (Hill Orc Fighter)          Turns: 6963, Time: 00:14:45

Health: -11/78     AC: 10    Str: 21    XL:     9   Next: 14%
Magic:  9/9        EV:  9    Int:  8    God:
Gold:   279        SH: 10    Dex: 12    Spells: 8/8 levels left

rFire   . . .      SeeInvis +   a - +0 war axe
rCold   . . .      Faith    .   c - +0 buckler
rNeg    . . .      Spirit   .   b - +0 scale mail
rPois   +          Reflect  +   (no helmet)
rElec   .          Harm     .   (no cloak)
rCorr   .          Rampage  .   n - +1 pair of gloves
Will    .....                   (no boots)
Stlth   ..........              i - amulet of reflection
HPRegen 0.23/turn               m - ring of see invisible
MPRegen 0.11/turn               w - ring of poison resistance

@: no status effects
A: no striking features
a: no special abilities


You were in a bailey.
You visited 1 branch of the dungeon, and saw 7 of its levels.
You also visited: Bailey.

You collected 279 gold pieces.

Inventory:

Hand Weapons
 a - a +0 war axe (weapon)
 h - the +7 lajatang of Order {silver, rMut}
   (You found it on level 3 of the Dungeon)

   It inflicts extra damage upon those it strikes, and deals substantially
   increased damage to chaotic, mutated and magically transformed beings.
   rMut:      It protects you from mutation.
 p - the +7 rapier "Mot Kilu" {vorpal, MP+9 Str+2}
   (You found it on level 2 of the Dungeon)

   It inflicts extra damage upon your enemies.
   Str:       It affects your strength (+2).
   MP:        It affects your magic capacity (+9).
Missiles
 o - 9 boomerangs
 q - 10 poisoned darts (quivered)
 v - 10 javelins
 C - 4 silver javelins
Armour
 b - a +0 scale mail (worn)
 c - a +0 buckler (worn)
 n - a +1 pair of gloves (worn)
Magical Staves
 B - a staff of fire
 G - a staff of air
Jewellery
 i - an amulet of reflection (around neck)
 m - a ring of see invisible (left hand)
 w - a ring of poison resistance (right hand)
 A - an amulet of guardian spirit
 D - a ring of protection from fire
 F - an amulet of magic regeneration
Wands
 e - a wand of polymorph (6)
Scrolls
 s - 4 scrolls of fear
 y - 2 scrolls of enchant armour
Potions
 d - 2 potions of might
 f - 2 potions of resistance
 g - 4 potions of heal wounds
 j - a potion of flight
 l - 5 potions of lignification
 r - 2 potions of berserk rage {unknown}
 t - 3 potions of mutation {unknown}
 u - a potion of invisibility {unknown}
 x - 3 potions of curing
 E - a potion of brilliance {unknown}


   Skills:
 + Level 6.4 Fighting
 + Level 10.6 Axes
 + Level 1.3 Throwing
 + Level 6.4 Armour
 + Level 6.1 Shields


You had 8 spell levels left.
You didn't know any spells.
Your spell library contained the following spells:

 Spells                   Type           Power      Damage    Failure   Level
 Gell's Gravitas          Tloc           0%         N/A       99%         3
 Lesser Beckoning         Tloc           0%         N/A       99%         3
 Teleport Other           Tloc           0%         N/A       99%         3


Dungeon Overview and Level Annotations

Branches:
Dungeon (7/15)             Temple (0/1) D:5          Bailey (1/1)

Altars:
Dithmenos
Elyvilon
Trog
Wu Jian

Shops:
D:2 =


Message History

You destroy the orc zombie!
You block the orc warrior zombie's attack.
You block the orc zombie's attack.
There are monsters nearby!
The orc warrior zombie hits you from afar with a +0 trident.
You block the orc zombie's attack.
The orc warrior zombie closely misses you.
You block the orc zombie's attack.
The orc warrior zombie hits you from afar with a +0 halberd!
* * * LOW HITPOINT WARNING * * *
You block the orc zombie's attack.
The orc warrior zombie hits you but does no damage.
There is an open door, spattered with blood here.
You see here a +0 spear.
You feel much better. You block the orc zombie's attack.
The orc warrior zombie hits you from afar with a +0 halberd!
As you read the scroll of immolation, it crumbles to dust.
The creatures around you are filled with an inner flame!
You block the orc zombie's attack.
The orc warrior zombie hits you with a +0 trident.
The orc zombie hits you but does no damage.
You hit the orc warrior zombie.
Flame seeps out of the orc warrior zombie.
The orc warrior zombie is moderately damaged.
You slash the orc zombie!
The orc zombie explodes!
The fiery explosion engulfs the orc zombie!!
The fiery explosion engulfs the orc warrior zombie!!
Flame seeps out of the orc warrior zombie.
The orc warrior zombie is heavily damaged.
The fiery explosion engulfs the orc warrior zombie!!
Flame seeps out of the orc warrior zombie.
The orc warrior zombie is almost destroyed.
The fiery explosion engulfs you.
* * * LOW HITPOINT WARNING * * *
The orc zombie explodes!
The fiery explosion engulfs the orc warrior zombie!!!
The orc warrior zombie explodes!
The fiery explosion engulfs you!!
You die...

#####.....# +..+......#
#..#......# #..#......###
#≈≈.#..#...........
##.≈≈.#§Z#......♣...
####..≈≈.#§§#)....♣♣.....
##..#..≈≈ #§○@...♣....♣..#
#......≈ ####...♣...♣....
#.∩...#########......♣....
#.................♣.....♣
#.......).............♣♣
#.∩...#########......♣.♣..
#......≈≈#........).......
##..#..≈≈#.......#)##.....
####..≈≈#.......#))#####.


You could see an orc warrior zombie (inner flame).

Vanquished Creatures
  3 ice beasts
  2 sky beasts (D:6)
  A black bear (D:6)
  2 phantoms
  A bullfrog (D:6)
  3 necrophages
  A scorpion (D:6)
  A water moccasin zombie (D:5)
  A wight (D:6)
  4 bullfrog zombies (D:5)
  2 hounds
  3 jellies (D:5)
  2 centaur skeletons (D:5)
  A bullfrog skeleton (D:5)
  2 iguanas
  Terence (D:3)
  2 orc wizards
  A hound zombie (D:5)
  A hound skeleton (D:5)
  A howler monkey zombie (D:5)
  6 adders
  7 gnolls
  An adder zombie (D:5)
  An adder skeleton (D:5)
  A dart slug (D:1)
  11 orcs
  10 ball pythons
  3 endoplasms
  3 giant cockroaches (D:3)
  9 goblins
  4 hobgoblins
  4 jackals (D:1)
  9 kobolds
  5 quokkas
  4 bats
  4 frilled lizards
  10 orc zombies (Bailey)
  7 rats
134 creatures vanquished.

Vanquished Creatures (collateral kills)
  2 goblins (D:7)
2 creatures vanquished.

Vanquished Creatures (others)
  5 plants (D:3)
  A withered plant (D:5)
6 creatures vanquished.

Grand Total: 142 creatures vanquished

Notes
Turn   | Place    | Note
-------+----------+-------------------------------------------
     0 | D:1      | masschaos23 the Hill Orc Fighter began the quest for the
                  | Orb.
     0 | D:1      | Reached XP level 1. HP: 19/19 MP: 1/1
   154 | D:1      | Found a faded altar of an unknown god.
   356 | D:1      | Reached skill level 3 in Axes
   356 | D:1      | Reached XP level 2. HP: 16/27 MP: 2/2
  1026 | D:1      | You fall into a shaft and drop 1 floor!
  1026 | D:2      | Found an ornate altar of the Wu Jian Council.
  1054 | D:2      | Reached XP level 3. HP: 33/33 MP: 3/3
  1390 | D:2      | Identified the +7 rapier "Mot Kilu" {vorpal, MP+9 Str+2}
  1397 | D:2      | Found Gonitota's Jewellery Boutique.
  2102 | D:3      | Found the +7 lajatang of Order {silver, rMut}
  2214 | D:3      | Found a shadowy altar of Dithmenos.
  2273 | D:3      | Noticed Terence
  2285 | D:3      | Killed Terence
  2286 | D:3      | Reached skill level 4 in Axes
  2286 | D:3      | Reached XP level 4. HP: 27/40 MP: 4/4
  3486 | D:3      | You fall into a shaft and drop 1 floor!
  3856 | D:4      | Noticed an ice beast
  3869 | D:4      | Killed an ice beast
  3870 | D:4      | Reached skill level 5 in Axes
  3870 | D:4      | Reached skill level 1 in Throwing
  3870 | D:4      | Reached XP level 5. HP: 32/47 MP: 5/5
  3991 | D:4      | Reached XP level 6. HP: 41/53 MP: 6/6
  4247 | D:4      | Found a bloodstained altar of Trog.
  4622 | D:5      | Entered Level 5 of the Dungeon
  4639 | D:5      | Reached skill level 6 in Axes
  4687 | D:5      | Reached XP level 7. HP: 39/60 MP: 7/7
  5006 | D:5      | Reached skill level 7 in Axes
  5052 | D:5      | Found a white marble altar of Elyvilon.
  5117 | D:5      | Reached skill level 5 in Fighting
  5117 | D:5      | Reached skill level 5 in Armour
  5278 | D:5      | Reached skill level 8 in Axes
  5278 | D:5      | Reached skill level 5 in Shields
  5349 | D:5      | Reached XP level 8. HP: 47/68 MP: 8/8
  5520 | D:5      | Found a staircase to the Ecumenical Temple.
  5812 | D:6      | Reached skill level 9 in Axes
  6313 | D:6      | Reached skill level 10 in Axes
  6464 | D:6      | Reached XP level 9. HP: 75/75 MP: 9/9
  6841 | D:7      | Found a flagged portal.
  6866 | Bailey   | Entered a bailey
  6963 | Bailey   | Killed by an exploding orc warrior zombie... ignited by
                  | their inner flame

Illustrated notes

Levels and vault maps discovered:
D:1:      matt_arrival_grand_opening, layout_loops_corners,
          hellmonk_ecumenical_altar_heavens_door, dk_noncrumbling_3
D:2:      layout_rooms, basic_altar, serial_shops, shop, st_stairs_14,
          reono_crystal_passage, minmay_misc_feat_room, minmay_misc_feat_x,
          minmay_misc_feat_cross
D:3:      minmay_chambers_of_threes, layout_basic,
          mainiacjoe_overflow_surrounded_room, guppyfry_early_lair_pool,
          uniq_terence
D:4:      layout_layer_cave, trog_three_pillars_becter
D:5:      layout_basic, elyvilon_altar_4, minmay_temple_entry_slanted,
          serial_undead, serial_undead_a, serial_undead_d, serial_undead_f,
          serial_undead_d
D:6:      layout_gridville, kennysheep_generic_room_10
D:7:      layout_gridville, serial_shops, nicolae_shop_advertising_works
          [nicolae_subvault_shop_adworks], kennysheep_mini,
          nicolae_take_the_stairs, shop, nicolae_shop_stone, enter_ossuary_5,
          enter_bailey_3, minivault_19, minmay_manual_mares, uniq_joseph
Bailey:   bailey_polearm_vampire_castle_hellmonk, bailey

Skill      XL: |  1  2  3  4  5  6  7  8  9 |
---------------+----------------------------+-----
Axes           | 3 4 5 6 8 10 | 10.6
Fighting       | 4 5 6 |  6.4
Armour         | 4 5 6 |  6.4
Throwing       | 1 |  1.3
Shields        | 4 5 6 |  6.1

Action                   |  1- 3 |  4- 6 |  7- 9 || total
-------------------------+-------+-------+-------++-------
Melee: War axe           |   128 |   110 |   210 ||   448
Throw: Boomerang         |       |    16 |     1 ||    17
       Javelin           |       |       |     1 ||     1
  Use: Scroll            |     4 |     5 |     5 ||    14
       Potion            |       |       |     1 ||     1
Armor: Scale mail        |    63 |    51 |    86 ||   200
Dodge: Dodged            |    64 |    48 |    77 ||   189
Block: Buckler           |    31 |    64 |   124 ||   219
